 Dungeon Crawl Stone Soup version 0.30-a0-583-g19bae12e61 (webtiles) character file.

Game seed: 2195723609082475721

786 Conn the Firebug (level 7, -5/42 HPs)
             Began as an Octopode Fire Elementalist on Jan 1, 2023.
             Killed by an exploding butterfly (29 damage)
             ... ignited by their inner flame
             ... on level 5 of the Dungeon.
             The game lasted 00:11:26 (4388 turns).

Conn the Firebug (Octopode Fire Elementalist)       Turns: 4388, Time: 00:11:26

Health: -5/42      AC:  1    Str: 13    XL:     7   Next: 86%
Magic:  6/13       EV: 13    Int: 20    God:
Gold:   155        SH:  0    Dex: 12    Spells: 6/15 levels left

rFire   . . .      SeeInvis .    f - staff of conjuration
rCold   . . .      Faith    .    (no shield)
rNeg    . . .      Spirit   .    h - +0 hat
rPois   .          Reflect  .    (no amulet)
rElec   .          Harm     .    m - ring of wizardry
rCorr   .          Rampage  .    q - +6 ring of strength
Will    .....                    (no ring)
Stlth   ++++                     (no ring)
HPRegen 0.27/turn                (no ring)
MPRegen 0.13/turn                (no ring)
                                 (no ring)
                                 (no ring)

@: no status effects
A: almost no armour, amphibious, 8 rings, camouflage 1, gelatinous body 1,
(nimble swimmer 1), tentacles
a: no special abilities


You were on level 5 of the Dungeon.
You visited 1 branch of the dungeon, and saw 7 of its levels.

You collected 231 gold pieces.
You spent 76 gold pieces at shops.

Inventory:

Hand Weapons
 c - a +1 dagger of venom
Missiles
 k - 6 poisoned darts
Armour
 h - a +0 hat (worn)
Magical Staves
 f - a staff of conjuration (weapon)
Jewellery
 m - a ring of wizardry (left tentacle)
 q - a +6 ring of strength (right tentacle)
Wands
 p - a wand of polymorph (5)
 r - a wand of flame (25)
 u - a wand of acid (3)
Scrolls
 i - a scroll of blinking
 j - 2 scrolls of amnesia
 n - a scroll of teleportation
 o - a scroll of butterflies
Potions
 a - a potion of haste
 b - 4 potions of flight
 d - 2 potions of degeneration {unknown}
 e - a potion of invisibility {unknown}
 g - a potion of heal wounds {unknown}
 l - a potion of berserk rage {unknown}


   Skills:
 + Level 0.6 Fighting
 + Level 1.3 Staves
 + Level 2.3 Dodging
 + Level 4.6 Stealth
 + Level 4.6 Spellcasting
 + Level 3.6 Conjurations
 + Level 0.7 Hexes
 + Level 5.3 Fire Magic
 + Level 1.0 Air Magic


You had 6 spell levels left.
You knew the following spells:

 Your Spells              Type           Power      Damage    Failure   Level
a - Foxfire               Conj/Fire      100%       2x1d9     1%          1
b - Kindle Blastsparks    Fire/Tloc/Air  26%        2d12      6%          3
c - Inner Flame           Hex/Fire       16%        N/A       4%          3
e - Scorch                Fire           52%        2d7       1%          2

Your spell library contained the following spells:

 Spells                   Type           Power      Damage    Failure   Level
 Kiss of Death            Conj/Necr      68%        2d10      2%          1
 Apportation              Tloc           8%         N/A       4%          1
 Flame Wave               Conj/Fire      33%        2d10      8%          4
 Confusing Touch          Hex            7%         N/A       11%         3
 Dispel Undead            Necr           4%         3d7       43%         4


Dungeon Overview and Level Annotations

Branches:
Dungeon (7/15)
 Temple: D:4-7

Altars:
Dithmenos
Elyvilon

Shops:
D:3 ![?[


Innate Abilities, Weirdness & Mutations

You cannot wear most types of armour.
You are amphibious.
You can wear up to eight rings at the same time.
Your skin changes colour to match your surroundings (Stealth+).
Your rubbery body absorbs attacks. (AC +1, EV +1)
((You are camouflaged when in or above water. (Stealth+)))
You have tentacles for arms and can constrict up to eight enemies at once.


Message History

Your butterfly disappears in a burst of colours!
Your butterfly explodes!
You hear an explosion! x3
Unknown command.
Your butterfly is engulfed in blazing flames.
Your butterfly disappears in a burst of colours!
Your butterfly explodes!
The fiery explosion engulfs your butterfly!!
Your butterfly disappears in a burst of colours!
Your butterfly explodes!
The fiery explosion engulfs your butterfly!!
Your butterfly disappears in a burst of colours!
Your butterfly explodes!
The fiery explosion engulfs your butterfly!!
Your butterfly disappears in a burst of colours!
Your butterfly explodes!
The fiery explosion engulfs your butterfly!
Your butterfly disappears in a burst of colours!
The fiery explosion engulfs you!!
Your butterfly explodes!
The fiery explosion engulfs your butterfly!!
Your butterfly disappears in a burst of colours!
The fiery explosion engulfs your butterfly!
Your butterfly disappears in a burst of colours!
Your butterfly explodes!
The fiery explosion engulfs your butterfly!!
Your butterfly disappears in a burst of colours!
The fiery explosion engulfs your butterfly!
Your butterfly disappears in a burst of colours!
Your butterfly explodes!
The fiery explosion engulfs your butterfly!!
Your butterfly disappears in a burst of colours!
The fiery explosion engulfs your butterfly!!
Your butterfly disappears in a burst of colours!
Your butterfly explodes!
The fiery explosion engulfs your butterfly!!
Your butterfly disappears in a burst of colours!
The fiery explosion engulfs you!!
Ouch! That really hurt!
You die...

.......# ***##'## *,,##8 ###....*
*,*#...#######*,,***
*,,,,*######+##...'.....#,,,***
******#.b...b.#...#.....#,,,,,,
********#...bb..#§..#.....#,,,,,,
,,,,,,,,+..b.b§§§...#.....#,,,,,,
********#bb.§§§§§§§.#.....#,,,,,,
#.bbb§§§§§b.#.....#,,,,,,
********#bbbb§§§@§..#.....#...,,,
,,,,,,g...b.b§§§§.†.......'...,,,
,,,,,,...b..§§§§§#)########)..,,,
,,,,,,....§§§§§§.......# *...,,,
,,,,,,....§§b..b##.###'# *,..,,,
,*,,,,.#######+###.#..*********,,
,,,,,,,* *,* #.#.#,,~~~~~,,**
,,,,,,,* *,* #.#.#,~,,,,,~,*
,,,,,,,* *.# #<#.#,~,~~~,~,**


There were no monsters in sight!

Vanquished Creatures
  Eustachio (D:5)
  2 black bears (D:4)
  A gnoll sergeant (D:4)
  A scorpion (D:5)
  A hound (D:5)
  A gnoll bouda (D:5)
  An iguana (D:5)
  2 orc wizards (D:3)
  7 gnolls
  7 adders
  A worm (D:2)
  2 dart slugs (D:4)
  4 orcs
  4 endoplasms
  2 giant cockroaches
  8 hobgoblins
  4 jackals
  4 quokkas
  5 ball pythons
  6 bats
  A frilled lizard (D:1)
  4 goblins
  3 kobolds
  6 rats
78 creatures vanquished.

Vanquished Creatures (others)
  228 foxfires
  A plant (D:1)
229 creatures vanquished.

Grand Total: 307 creatures vanquished

Notes
Turn   | Place    | Note
-------+----------+-------------------------------------------
     0 | D:1      | Conn the Octopode Fire Elementalist began the quest for the
                  | Orb.
     0 | D:1      | Reached XP level 1. HP: 11/11 MP: 3/3
    69 | D:1      | Found a faded altar of an unknown god.
    76 | D:1      | Got Plato's Guide on the Wayfarer
   247 | D:1      | Reached XP level 2. HP: 17/17 MP: 1/5
   950 | D:2      | Reached XP level 3. HP: 21/21 MP: 2/6
   953 | D:2      | Learned a level 2 spell: Scorch
   957 | D:2      | Learned a level 3 spell: Kindle Blastsparks
  1582 | D:3      | Found Couqoz's Distillery.
  1632 | D:3      | Reached XP level 4. HP: 10/27 MP: 2/8
  1693 | D:3      | Reached skill level 4 in Fire Magic
  1813 | D:3      | Found Lofeeces's Antique Armour Emporium.
  1853 | D:3      | Reached XP level 5. HP: 31/31 MP: 7/9
  2141 | D:3      | Found a white marble altar of Elyvilon.
  2208 | D:3      | Found Yvibius's Armour Shoppe.
  2217 | D:3      | Bought a +0 hat for 40 gold pieces
  2413 | D:3      | Found Nopripia's Magic Scroll Shoppe.
  2419 | D:3      | Bought a scroll of teleportation for 36 gold pieces
  2788 | D:4      | Learned a level 3 spell: Inner Flame
  2836 | D:4      | Noticed a black bear
  2846 | D:4      | Killed a black bear
  2847 | D:4      | Reached skill level 1 in Staves
  2847 | D:4      | Reached XP level 6. HP: 27/36 MP: 1/11
  3045 | D:4      | You fall into a shaft and drop 3 floors!
  3060 | D:6      | Noticed a black bear
  3102 | D:5      | Entered Level 5 of the Dungeon
  3327 | D:5      | Noticed Eustachio
  3339 | D:5      | Killed Eustachio
  3340 | D:5      | Reached skill level 1 in Air Magic
  3340 | D:5      | Reached XP level 7. HP: 29/41 MP: 0/13
  3626 | D:4      | Reached skill level 5 in Fire Magic
  4271 | D:5      | Found a shadowy altar of Dithmenos.
  4388 | D:5      | Killed by an exploding butterfly... ignited by their inner
                  | flame

Illustrated notes

Levels and vault maps discovered:
D:1:      reono_arrival_mine, layout_basic, shapermc_ecumenical_altar_rom_forum,
          hangedman_decor_opposing, serial_bayou_ford_a,
          amcnicky_mini_rare_corridor_liquid
D:2:      minmay_general_purpose_star, layout_basic
D:3:      layout_basic, mainiacjoe_overflow_surrounded_room, serial_shops,
          nicolae_shop_waterfront, shop, shop, nicolae_shop_stone
D:4:      layout_cave_pods
D:5:      layout_basic, mainiacjoe_overflow_paths, mainiacjoe_overflow_alcove_4,
          nicolae_overflow_hidden_temple, uniq_eustachio
D:6:      minmay_chambers_of_fours, layout_basic, kennysheep_vampire_church,
          minmay_temple_entry_tees, serial_shops, shop, gammafunk_ghost_grave
D:7:      kennysheep_six_static_rooms, layout_layer_cave, uniq_pikel,
          uniq_crazy_yiuf_cottage

Skill      XL: |  1  2  3  4  5  6  7 |
---------------+----------------------+-----
Stealth        | 3 4 |  4.6
Conjurations   | 2 3 |  3.6
Fire Magic     | 4 5 |  5.3
Spellcasting   | 3 4 |  4.6
Staves         | 1 |  1.3
Air Magic      | 1 |  1.0
Fighting       | |  0.6
Dodging        | |  2.3
Hexes          | |  0.7

Action                   |  1- 3 |  4- 6 |  7- 9 || total
-------------------------+-------+-------+-------++-------
Melee: Constrict         |     6 |     2 |     1 ||     9
       Tentacles         |     3 |       |     2 ||     5
       Unarmed           |     1 |       |       ||     1
       Staff             |    20 |    10 |     3 ||    33
 Cast: Foxfire           |    56 |    50 |    31 ||   137
       Scorch            |     2 |     6 |     6 ||    14
       Inner Flame       |       |     4 |     2 ||     6
       Kindle Blastspark |       |     1 |       ||     1
  Use: Scroll            |     2 |     1 |     4 ||     7
       Potion            |     1 |     1 |       ||     2
 Stab: Sleeping          |     2 |     1 |       ||     3
Armor: Skin              |     6 |       |       ||     6
Dodge: Dodged            |    22 |    16 |     5 ||    43

Table legend: (Time is in decaauts)
 A = Elapsed time spent in this place.
 B = Non-inter-level travel time spent in this place.
 C = Inter-level travel time spent in this place.
 D = Time resting spent in this place.
 E = Time spent auto-exploring this place.
 F = Levels seen in this place.
 G = Mean time per level.
                   A        B        C        D        E       F      G
               +--------+--------+--------+--------+--------+-----+--------+
         Total |   4389 |   4321 |     68 |      0 |   3168 |   7 |  627.0 |
       Dungeon |   4389 |   4321 |     68 |      0 |   3168 |   7 |  627.0 |
               +--------+--------+--------+--------+--------+-----+--------+

Top non-repeatable levels by time:
     D:3: 1269 daAuts
     D:4: 1113 daAuts
     D:1: 754 daAuts
     D:2: 727 daAuts
     D:5: 468 daAuts
     D:6: 41 daAuts
     D:7: 14 daAuts
